 Dungeon Crawl Stone Soup version 0.30-a0-778-g2ef04afb54 (webtiles) character file.

Game seed: 11264315728443402010

450 scionoferis the Ducker (level 6, 0/45 (50) HPs)
             Began as a Demigod Hexslinger on Feb 16, 2023.
             Slain by a wight
             ... wielding a +5 short sword
              (14 damage)
             ... on level 6 of the Dungeon.
             The game lasted 00:08:41 (3552 turns).

scionoferis the Ducker (Demigod Hexslinger)         Turns: 3552, Time: 00:08:41

HP:   0/45 (50)     AC:  2    Str: 22    XL:     6   Next: 45%
MP:   10/10         EV: 14    Int: 11    God:
Gold: 194           SH:  0    Dex: 22    Spells: 6/7 levels left

rFire   + . .      SeeInvis .    b - +0 arbalest
rCold   + + .      Faith    .    (shield currently unavailable)
rNeg    . . .      Spirit   .    c - +0 robe
rPois   .          Reflect  .    (no helmet)
rElec   +          Harm     .    d - scarf {rC+ rF+}
rCorr   .          Rampage  .    (no gloves)
Will    +....                    (no boots)
Stlth   +++                      (no amulet)
HPRegen 0.27/turn                m - ring "Ralowetifax" {rElec rC+ Will+ Str+5 Int-4}
MPRegen 0.12/turn                w - +6 ring of strength

@: heavily drained
A: high MP 1, forlorn, divine attributes
a: no special abilities


You were on level 6 of the Dungeon.
You visited 1 branch of the dungeon, and saw 5 of its levels.

You collected 194 gold pieces.


Innate Abilities, Weirdness & Mutations

You have an increased reservoir of magic. (+10% MP)
You shall have no god before yourself.
Your divine heritage dramatically boosts your attributes as you level up.


   Skills:
 + Level 2.6 Fighting
 * Level 3.3 Long Blades
 - Level 1.7 Ranged Weapons
 * Level 4.1 Dodging
 + Level 2.5 Stealth
 - Level 1.0 Spellcasting
 - Level 2.6 Hexes


You had 6 spell levels left.
You knew the following spells:

 Your Spells              Type           Power      Damage    Failure   Level
a - Slow                  Hex            24%        N/A       11%         1

Your spell library contained the following spells:

 Spells                   Type           Power      Damage    Failure   Level
 Shock                    Conj/Air       0%         1d3       32%         1
 Cigotuvi's Dreadful Rot  Necr/Pois/Air  0%         N/A       43%         2
 Poisonous Vapours        Pois/Air       0%         N/A       43%         2
 Inner Flame              Hex/Fire       3%         N/A       50%         3
 Portal Projectile        Hex/Tloc       6%         N/A       50%         3
 Mephitic Cloud           Conj/Pois/Air  0%         N/A       67%         3
 Swiftness                Air            0%         N/A       67%         3
 Cause Fear               Hex            3%         N/A       71%         4
 Airstrike                Air            0%         2d(0-16)  97%         4
 Flame Wave               Conj/Fire      0%         2d4       97%         4
 Sticky Flame             Conj/Fire      0%         2d3       97%         4

Inventory:

Hand Weapons
 a - a +2 dagger of draining
   (You took it off a goblin on level 1 of the Dungeon)
 b - a +0 arbalest (weapon)
   (You found it on level 3 of the Dungeon)
 e - a +0 short sword
   (You found it on level 1 of the Dungeon)
 j - a +0 dagger of speed
   (You took it off a goblin on level 1 of the Dungeon)
 x - a +1 sling
Missiles
 i - 3 atropa-tipped darts
Armour
 c - a +0 robe (worn)
 d - a scarf of resistance (worn)
   (You found it on level 1 of the Dungeon)
 y - a +2 kite shield
   (You found it on level 4 of the Dungeon)
Jewellery
 m - the ring "Ralowetifax" (left hand) {rElec rC+ Will+ Str+5 Int-4}
   (You found it on level 2 of the Dungeon)

   [ring of willpower]

   Str:       It affects your strength (+5).
   Int:       It affects your intelligence (-4).
   rC:        It protects you from cold.
   rElec:     It insulates you from electricity.
   Will:      It increases your willpower.
 w - a +6 ring of strength (right hand)
   (You found it on level 3 of the Dungeon)
Scrolls
 f - 2 scrolls of poison
 g - 5 scrolls of identify {unknown}
 h - a scroll of enchant armour {unknown}
 l - a scroll of blinking {unknown}
 n - a scroll of teleportation {unknown}
 t - 2 scrolls of immolation {unknown}
 A - 2 scrolls of vulnerability {unknown}
Potions
 k - 3 potions of haste {unknown}
 o - 2 potions of might {unknown}
 p - 2 potions of heal wounds {unknown}
 q - a potion of magic {unknown}
 r - a potion of mutation {unknown}
 s - a potion of degeneration {unknown}
 u - 2 potions of attraction {unknown}
 v - a potion of invisibility {unknown}
 z - a potion of curing {unknown}

Dungeon Overview and Level Annotations

Branches:
Dungeon (4/15)
 Temple: D:4-7

########## ###########
#.)......# #...z...).#
#.######.# #.#######.#
#.######.#####.#### #.# #
#†##....>@z.....#.####.###
#.##.###.#####............
#.##.###.# #......##.###
#........# #.#...###.# #
####.##### #.##.####.# #
#.# #.........# # #.#
####.###### # #.######
##'## ## #.##...# ##...##
#!


You could see a wight.


Message History

A hobgoblin comes into view.
Found a stone staircase leading down.
You shoot a sling bullet.
The sling bullet hits the hobgoblin but does no damage.
You shoot a sling bullet.
The sling bullet closely misses the hobgoblin.
You shoot a sling bullet.
The sling bullet barely misses the hobgoblin.
You shoot a sling bullet.
The sling bullet hits the hobgoblin but does no damage.
You sense an unholy aura.
a - a +2 dagger of draining (weapon)
The hobgoblin hits you.
You hit the hobgoblin.
The hobgoblin is almost dead.
The hobgoblin barely misses you.
You hit the hobgoblin.
You kill the hobgoblin!
No target in view!
b - a +1 sling (weapon)
Found a bloodstained altar of Trog.
No target in view!
Found an escape hatch in the ceiling.
An adder comes into view.
Found 7 stones.
You shoot a sling bullet. The adder hisses angrily.
The sling bullet hits the adder.
The adder is lightly wounded.
You shoot a sling bullet.
The sling bullet barely misses the adder.
You shoot a sling bullet. The sling bullet hits the adder.
The adder is moderately wounded.
The adder bites you.
You are poisoned.
The adder poisons you!
You sense an unholy aura.
a - a +2 dagger of draining (weapon)
You feel sick. The adder bites you.
You are more poisoned.
The adder poisons you!
You barely miss the adder.
The adder is moderately wounded.
You feel sick. The adder barely misses you.
You closely miss the adder.
The adder is moderately wounded.
You feel sick. The adder bites you but does no damage.
You hit the adder.
The adder is heavily wounded.
You feel sick. The adder bites you.
You are too injured to fight recklessly!
You are too injured to fight recklessly!
You hit the adder but do no damage. You drain the adder.
The adder is severely wounded.
You feel sick. The adder bites you.
You are more poisoned.
The adder poisons you! The adder barely misses you.
You hit the adder.
The adder is almost dead.
You feel sick. The adder bites you.
* * * LOW HITPOINT WARNING * * *
You hit the adder.
You kill the adder!
You feel sick.
You feel sick.
You feel sick.
You feel sick.
You feel sick.
You feel sick.
You are no longer poisoned.
You start resting.
HP restored.
b - a +1 sling (weapon)
You see here an adder corpse.
An endoplasm comes into view.
Found 10 gold pieces.
You shoot a sling bullet.
The sling bullet hits the endoplasm but does no damage.
The endoplasm quivers.
A quokka comes into view.
You shoot a sling bullet.
The sling bullet barely misses the quokka.
The quokka misses you.
You shoot a sling bullet.
The sling bullet barely misses the quokka.
The sling bullet hits the endoplasm.
The endoplasm is heavily wounded.
The quokka barely misses you.
You shoot a sling bullet. The sling bullet hits the quokka.
The quokka is almost dead.
The quokka barely misses you. The quokka bites you.
You shoot a sling bullet. The sling bullet hits the quokka.
You kill the quokka!
The endoplasm barely misses you.
You shoot a sling bullet. The sling bullet hits the endoplasm.
The endoplasm is severely wounded.
The endoplasm freezes you.
You are frozen.
You resist.
You shoot a sling bullet. The sling bullet hits the endoplasm.
You kill the endoplasm!
No target in view!
A bat comes into view.
A bat is nearby!
You shoot a sling bullet.
The sling bullet completely misses the bat.
The bat hits you but does no damage.
You shoot a sling bullet. The sling bullet hits the bat.
The bat is heavily wounded.
The bat misses you. The bat completely misses you.
You shoot a sling bullet.
The sling bullet closely misses the bat.
The bat misses you. The bat closely misses you.
You shoot a sling bullet. The sling bullet barely misses the bat.
The bat hits you.
You shoot a sling bullet. The sling bullet hits the bat.
The bat is severely wounded.
The bat closely misses you.
You shoot a sling bullet. The sling bullet hits the bat.
You kill the bat!
No target in view!
g - 3 scrolls labelled VUSHRI KOEHO (gained 1)
You now have 78 gold pieces (gained 10).
You open the door.
There is an open door here.
You now have 85 gold pieces (gained 7).
There is an open door here.
There is a bloodstained altar of Trog here.
You open the door.
Found a stone.
There is an open door here.
You see here 3 stones.
There is an open door here.
There is a stone staircase leading down here.
There is a large open door here.
There is a large open door here.
You pick up a book of Air and begin reading...
You add the spells Shock, Swiftness and Airstrike to your library.
You open the door.
There is an open door here.
Found 3 stones.
Okay, then.
You see here 3 stones.
Found a stone staircase leading up.
There is a stone staircase leading up here.
You see here 3 stones.
A worm comes into view.
You shoot a sling bullet. The sling bullet hits the worm.
The worm is moderately wounded.
You shoot a sling bullet. The sling bullet hits the worm.
The worm is heavily wounded.
You shoot a sling bullet. The sling bullet hits the worm.
The worm is severely wounded.
You shoot a sling bullet. The sling bullet hits the worm.
The worm is severely wounded.
You shoot a sling bullet.
The sling bullet barely misses the worm.
You shoot a sling bullet. The sling bullet hits the worm.
The worm is severely wounded.
You shoot a sling bullet. The sling bullet hits the worm.
The worm is almost dead.
You sense an unholy aura.
a - a +2 dagger of draining (weapon)
You hit the worm.
You kill the worm!
No target in view!
b - a +1 sling (weapon)
You open the door.
A goblin comes into view. It is wielding a +0 dagger.
Found 2 stones.
You shoot a sling bullet. The sling bullet hits the goblin.
The goblin shouts!
The goblin is severely wounded.
You shoot a sling bullet. The sling bullet hits the goblin!
You kill the goblin!
No target in view!
No target in view!
There is an open door here.
Things that are here:
a +0 dagger; a goblin corpse You open the door.
There is an open door here.
q - a blue potion
There is a large open door here.
There is a large open door here.
There is an open door here.
Found a stone staircase leading up.
A giant cockroach comes into view.
You shoot a sling bullet.
The sling bullet hits the giant cockroach!
You kill the giant cockroach!
No target in view!
No target in view!
A ball python comes into view.
You shoot a sling bullet. The sling bullet hits the ball python.
You kill the ball python!
No target in view!
No target in view!
Done exploring.
Search for what [Enter for "amulet", or ? for help]? d: Unknown command.
There is a stone staircase leading down here.
Unknown command.
You climb downwards.
There is a stone staircase leading up here.
You shoot a sling bullet. The sling bullet hits the endoplasm!
You kill the endoplasm!
No target in view!
No target in view!
Found 5 stones.
An orc priest comes into view. It is wielding a +0 trident.
You shoot a sling bullet. The sling bullet hits the orc priest.
The orc priest is moderately wounded.
The orc priest calls down the wrath of Beogh upon you.
Beogh smites you!
There is a stone staircase leading up here.
You climb upwards.
There is a stone staircase leading down here.
You start resting.
HP restored.
You sense an unholy aura.
a - a +2 dagger of draining (weapon)
You climb downwards.
There is a stone staircase leading up here.
An orc comes into view. It is wielding a +0 dagger.
The orc priest closely misses you.
The orc priest hits you with a +0 trident.
An orc comes into view. It is wielding a +0 hand axe.
The orc shouts!
You hit the orc priest.
The orc priest is lightly wounded.
You hear a shout! x2
The orc priest closely misses you. The orc hits you with a +0 dagger.
You hit the orc priest.
The orc priest is heavily wounded.
You hit the orc priest.
The orc priest is heavily wounded.
The orc priest closely misses you. The orc hits you with a +0 dagger.
A ball python comes into view.
The ball python hisses angrily.
You hit the orc priest.
The orc priest is heavily wounded.
The orc priest barely misses you. The orc hits you with a +0 dagger.
You hit the orc priest. You drain the orc priest.
You kill the orc priest!
The orc completely misses you.
Your Dodging skill increases to level 3!
You have reached level 4!
There is a stone staircase leading up here.
The orc barely misses you.
You climb upwards.
There is a stone staircase leading down here.
You hit the orc.
The orc is almost dead.
The orc hits you with a +0 dagger.
You barely miss the orc.
The orc is almost dead.
The orc completely misses you.
You barely miss the orc.
The orc is almost dead.
The orc misses you.
You hit the orc.
You kill the orc!
You start resting.
HP restored.
Things that are here:
a +0 dagger; an orc corpse
There is a stone staircase leading down here.
You climb downwards.
The orc hits you with a +0 hand axe. The ball python bites you.
The ball python grabs you. The ball python constricts you.
The orc hits you with a +0 hand axe.
There is a stone staircase leading up, spattered with blood here.
You hit the ball python.
You kill the ball python!
The orc closely misses you.
An orc wizard comes into view. It is wielding a +0 dagger.
You hit the orc. You drain the orc.
You kill the orc!
Your Long Blades skill increases to level 2!
You climb upwards.
There is a stone staircase leading down here.
You start resting.
HP restored.
You climb downwards.
An orc comes into view. It is wielding a +0 flail.
There is a stone staircase leading up, spattered with blood here.
A bat comes into view.
The bat moves out of view.
The orc closely misses you. The orc wizard closely misses you.
You barely miss the orc wizard. The orc misses you.
The orc wizard closely misses you.
You hit the orc wizard but do no damage.
The orc hits you with a +0 flail. The orc wizard barely misses you.
The orc wizard closely misses you.
You hit the orc. You drain the orc.
You kill the orc!
You hit the orc wizard.
The orc wizard is moderately wounded.
The orc wizard hits you with a +0 dagger.
You barely miss the orc wizard.
The orc wizard is moderately wounded.
The orc wizard hits you with a +0 dagger.
You closely miss the orc wizard.
The orc wizard is moderately wounded.
The orc wizard hits you with a +0 dagger.
You hit the orc wizard but do no damage.
You drain the orc wizard.
The orc wizard is heavily wounded.
The orc wizard hits you with a +0 dagger.
You closely miss the orc wizard.
The orc wizard is heavily wounded.
The orc wizard closely misses you.
You hit the orc wizard.
The orc wizard is severely wounded.
The orc wizard mumbles some strange words.
The orc wizard flickers and vanishes!
Deactivating autopickup; reactivate with Ctrl-A.
You miss something. Something barely misses you.
You hit something. Something hits you.
You hit something but do no damage. Something hits you but does no damage.
You hit something. Something hits you but does no damage.
You hit something.
Reactivating autopickup.
You feel a bit more experienced.
r - a viscous blue potion
Things that are here:
a +0 dagger; a +0 robe; a +0 flail
There is a stone staircase leading up, spattered with blood here.
You climb upwards.
There is a stone staircase leading down here.
You start resting.
HP restored.
b - a +1 sling (weapon)
You climb downwards.
There is a stone staircase leading up, spattered with blood here.
Things that are here:
a +0 flail; a +0 robe; a +0 dagger A worm comes into view.
You shoot a sling bullet. The sling bullet hits the worm.
The worm is lightly wounded.
You shoot a sling bullet.
The sling bullet completely misses the worm.
You shoot a sling bullet. The sling bullet hits the worm.
The worm is lightly wounded.
You shoot a sling bullet.
The sling bullet hits the worm but does no damage.
The worm is lightly wounded.
You shoot a sling bullet. The sling bullet hits the worm.
The worm is moderately wounded.
You shoot a sling bullet. The sling bullet hits the worm.
The worm is moderately wounded.
You shoot a sling bullet.
The sling bullet barely misses the worm.
You shoot a sling bullet. The sling bullet hits the worm.
The worm is heavily wounded.
You sense an unholy aura.
a - a +2 dagger of draining (weapon)
You hit the worm. You drain the worm.
The worm is severely wounded.
The worm bites you.
You hit the worm.
You kill the worm!
Things that are here:
a +0 trident; an orc corpse
b - a +1 sling (weapon)
No target in view!
A bat is nearby!
You shoot a sling bullet.
The sling bullet closely misses the bat.
The bat hits you but does no damage.
You shoot a sling bullet. The sling bullet barely misses the bat.
The bat hits you but does no damage.
You shoot a sling bullet. The sling bullet hits the bat.
The bat is severely wounded.
The bat barely misses you.
You shoot a sling bullet. The sling bullet barely misses the bat.
The bat barely misses you.
You shoot a sling bullet. The sling bullet hits the bat.
You kill the bat!
No target in view!
No target in view!
You see here a bat corpse.
Found a stone staircase leading up.
s - a fizzy brown potion A rat comes into view.
You shoot a sling bullet. The sling bullet hits the rat.
You kill the rat!
You hear a bark!
You hear a shout!
A jackal comes into view.
The jackal barks!
A bat comes into view.
You shoot a sling bullet.
The sling bullet closely misses the jackal.
The jackal bites you but does no damage.
A jackal comes into view.
The jackal bites you but does no damage.
The bat closely misses you.
You sense an unholy aura.
a - a +2 dagger of draining (weapon)
The bat closely misses you.
You miss the jackal. The bat misses you. The jackal misses you.
The bat hits you. The jackal bites you. The bat closely misses you.
The jackal attacks as you move away! The jackal bites you.
The bat closely misses you. The bat attacks as you move away! The bat hits you.
The bat hits you but does no damage. The bat barely misses you.
You hit the bat.
You kill the bat!
The jackal barely misses you.
You hit the jackal but do no damage. You drain the jackal.
The jackal is almost dead.
The jackal closely misses you.
You barely miss the jackal.
The jackal is almost dead.
The jackal bites you.
A jackal comes into view.
The jackal barks!
You hit the jackal but do no damage. You drain the jackal.
You kill the jackal!
The jackal misses you.
You miss the jackal.
The jackal bites you but does no damage.
You closely miss the jackal. The jackal misses you.
You hit the jackal but do no damage. The jackal barely misses you.
You hit the jackal but do no damage.
The jackal bites you but does no damage.
The jackal bites you.
You hit the jackal. Your punch misses the jackal.
The jackal is heavily wounded.
The jackal barely misses you.
You closely miss the jackal.
The jackal is heavily wounded.
The jackal barely misses you.
You closely miss the jackal.
The jackal is heavily wounded.
The jackal bites you. x2
You hit the jackal.
You kill the jackal!
The jackal bites you but does no damage.
You closely miss the jackal. The jackal bites you.
You miss the jackal. The jackal bites you.
You barely miss the jackal. The jackal closely misses you.
The jackal bites you.
You hit the jackal. You drain the jackal.
You kill the jackal!
No target in view!
No target in view!
No target in view!
A hobgoblin comes into view.
You see here a jackal corpse.
You hit the hobgoblin but do no damage. The hobgoblin closely misses you.
You hit the hobgoblin but do no damage. You drain the hobgoblin.
The hobgoblin is severely wounded.
The hobgoblin closely misses you.
You hit the hobgoblin.
You kill the hobgoblin!
No target in view!
b - a +1 sling (weapon)
HP restored.
t - a scroll labelled YVANAP VOKLAE You pick up a book of Vapours and begin reading...
You add the spells Poisonous Vapours, Cigotuvi's Dreadful Rot and Mephitic Cloud to your library.
A goblin comes into view. It is wielding a +0 dagger.
Found 2 golden potions.
You shoot a sling bullet. The sling bullet hits the goblin.
The goblin shouts!
The goblin is heavily wounded.
You shoot a sling bullet.
The sling bullet barely misses the goblin.
You sense an unholy aura.
a - a +2 dagger of draining (weapon)
The goblin barely misses you.
You hit the goblin. You drain the goblin.
You kill the goblin!
No target in view!
b - a +1 sling (weapon)
You see here a +0 dagger.
u - 2 golden potions You now have 99 gold pieces (gained 14).
An orc comes into view. It is wielding a +0 mace.
Found 11 gold pieces.
The orc shouts!
You hear a shout!
A hobgoblin comes into view.
The orc moves out of view.
You shoot a sling bullet. The hobgoblin shouts!
The sling bullet hits the hobgoblin!
You kill the hobgoblin!
You shoot a sling bullet. The sling bullet hits the orc!
You kill the orc!
Your Fighting skill increases to level 2!
No target in view!
Found a stone staircase leading down.
You now have 117 gold pieces (gained 18).
There is a stone staircase leading down here.
You now have 128 gold pieces (gained 11).
t - 2 scrolls labelled YVANAP VOKLAE (gained 1)
A goblin comes into view. It is wielding a +0 dagger.
The goblin shouts!
You shoot a sling bullet.
The sling bullet barely misses the goblin.
You shoot a sling bullet.
The sling bullet closely misses the goblin.
You shoot a sling bullet. The sling bullet hits the goblin.
You kill the goblin!
No target in view!
You see here a +0 dagger.
Found a stone staircase leading down.
An adder comes into view.
You shoot a sling bullet.
The sling bullet completely misses the adder.
The adder hisses angrily.
You shoot a sling bullet.
The sling bullet barely misses the adder.
The adder bites you.
You are poisoned.
The adder poisons you!
You sense an unholy aura.
a - a +2 dagger of draining (weapon)
You feel sick.
You hit the adder.
The adder is moderately wounded.
You feel sick. The adder closely misses you. The adder barely misses you.
You hit the adder.
The adder is severely wounded.
You feel sick. The adder barely misses you.
You barely miss the adder.
The adder is severely wounded.
You feel sick. The adder bites you.
You are more poisoned.
The adder poisons you!
You hit the adder. You drain the adder.
You kill the adder!
You feel sick.
You have reached level 5!
b - a +1 sling (weapon)
You feel sick.
You feel sick.
You feel sick.
You feel sick.
You feel sick.
You are no longer poisoned.
You now have 140 gold pieces (gained 12).
v - a yellow potion
o - 2 fuming emerald potions (gained 1)
An orc comes into view. It is wielding a +0 mace.
You shoot a sling bullet.
The sling bullet hits the orc but does no damage.
The orc shouts!
You shoot a sling bullet.
The sling bullet closely misses the orc.
You shoot a sling bullet. The sling bullet hits the orc.
The orc is almost dead.
You shoot a sling bullet. The sling bullet hits the orc!
You kill the orc!
No target in view!
You see here a +0 mace.
k - 3 lumpy inky potions (gained 1)
g - 4 scrolls labelled VUSHRI KOEHO (gained 1)
You see here a +0 mace.
w - a +6 ring of strength A gnoll comes into view.
It is wielding a +0 spear.
Found 19 gold pieces.
You shoot a sling bullet. The sling bullet hits the gnoll.
The gnoll shouts!
The gnoll is moderately wounded.
You shoot a sling bullet. The sling bullet hits the gnoll.
The gnoll is moderately wounded.
A kobold comes into view. It is wielding a +0 whip.
You shoot a sling bullet. The sling bullet hits the gnoll.
The gnoll is moderately wounded.
You shoot a sling bullet.
The sling bullet closely misses the gnoll.
You sense an unholy aura.
a - a +2 dagger of draining (weapon)
The gnoll hits you from afar with a +0 spear.
The gnoll hits you with a +0 spear.
You barely miss the gnoll.
The gnoll is moderately wounded.
The gnoll barely misses you.
You barely miss the gnoll.
The gnoll is moderately wounded.
The gnoll barely misses you.
You hit the gnoll. You drain the gnoll.
The gnoll is severely wounded.
The gnoll hits you but does no damage.
You hit the gnoll but do no damage. You drain the gnoll.
You kill the gnoll!
You hit the kobold.
You kill the kobold!
No target in view!
No target in view!
b - a +1 sling (weapon)
You feel stronger.
w - a +6 ring of strength (right hand)
Items here: ( )) †.
You now have 159 gold pieces (gained 19). 2 gnolls come into view.
The gnoll shouts! x2
You sense an unholy aura.
a - a +2 dagger of draining (weapon)
A gnoll comes into view. It is wielding a +0 flail.
The gnoll hits you with a +0 halberd.
The gnoll shouts!
You hit the gnoll. You drain the gnoll.
The gnoll is moderately wounded.
The gnoll closely misses you.
You hit the gnoll.
The gnoll is severely wounded.
The gnoll misses you.
You hit the gnoll.
You kill the gnoll!
The gnoll closely misses you. The gnoll hits you with a +0 spear.
Things that are here:
a +0 halberd; a gnoll corpse You closely miss the gnoll.
The gnoll hits you with a +0 spear!
You hit the gnoll. You drain the gnoll.
The gnoll is moderately wounded.
The gnoll hits you with a +0 spear.
You hit the gnoll.
The gnoll is moderately wounded.
The gnoll hits you with a +0 spear.
You hit the gnoll.
The gnoll is heavily wounded.
You closely miss the gnoll.
The gnoll is heavily wounded.
The gnoll hits you with a +0 spear.
You hit the gnoll. You drain the gnoll.
You kill the gnoll!
Your Stealth skill increases to level 2!
You closely miss the gnoll. The gnoll hits you with a +0 flail!
* * * LOW HITPOINT WARNING * * *
Casting: Slow (safe; 11% risk of failure)
Confirm with . or Enter, or press ? or * to list all spells.
Aiming: Slow (safe; 11% risk of failure)
Press: ? - help, Shift-Dir - straight line, f - gnoll
Aim: a gnoll, wielding a +0 flail (chance to affect: 49%)
Okay, then.
Unknown command.
You hit the gnoll.
The gnoll is moderately wounded.
The gnoll misses you.
You hit the gnoll. You drain the gnoll.
The gnoll is almost dead.
The gnoll hits you with a +0 flail.
* * * LOW HITPOINT WARNING * * *
You hit the gnoll.
You kill the gnoll!
You start resting.
HP restored.
b - a +1 sling (weapon)
g - 5 scrolls labelled VUSHRI KOEHO (gained 1)
Things that are here:
a +0 flail; a +0 spear; a gnoll corpse
Things that are here:
a +0 halberd; a gnoll corpse
Things that are here:
a +0 flail; a +0 spear; a gnoll corpse
There is a stone staircase leading down here.
There is a stone staircase leading down here.
Found an escape hatch in the floor.
f - 2 scrolls of poison (gained 1)
Found an arbalest.
Found a stone staircase leading down.
Found a cloak.
You see here a +0 arbalest.
x - a +0 arbalest Adjust to which letter? (? for menu, Esc to quit)
b - a +0 arbalest;
x - a +1 sling (weapon)
You sense an unholy aura.
a - a +2 dagger of draining (weapon)
b - a +0 arbalest (weapon)
Found a black potion.
You see here a +0 cloak.
y - a +0 cloak You start removing your armour.
You continue taking off your scarf of resistance. x4
You finish taking off your scarf of resistance.
You feel hot and cold all over.
You start putting on your armour.
You continue putting on your +0 cloak. x5
You finish putting on your +0 cloak.
Found 7 stones.
You start removing your armour.
You continue taking off your +0 cloak. x4
You finish taking off your +0 cloak.
You start putting on your armour.
You continue putting on your scarf of resistance. x5
You finish putting on your scarf of resistance.
You feel resistant to extremes of temperature.
You drop a +0 cloak.
p - 2 black potions (gained 1)
Found a faded altar of an unknown god.
There is a faded altar of an unknown god here.
You now have 172 gold pieces (gained 13).
Found an escape hatch in the ceiling.
You pick up a book of Flames and begin reading...
You add the spells Sticky Flame and Flame Wave to your library.
Found a dagger.
You see here a +0 dagger.
Found 6 stones.
You see here 6 stones.
You see here 6 stones.
You see here a +0 mace.
A quokka comes into view.
You shoot a bolt. The bolt hits the quokka.
The quokka is moderately wounded.
An adder comes into view.
You sense an unholy aura.
a - a +2 dagger of draining (weapon)
The adder closely misses you.
You completely miss the adder. Your punch misses the adder.
The adder barely misses you.
You hit the adder. You drain the adder.
You kill the adder!
You hit the quokka.
You kill the quokka!
No target in view!
b - a +0 arbalest (weapon)
Found a stone staircase leading up.
An endoplasm comes into view.
You shoot a bolt. The bolt hits the endoplasm.
You kill the endoplasm!
Done exploring.
Done exploring.
Search for what [Enter for "d:", or ? for help]? d: Unknown command.
You see here a +0 mace.
There is a stone staircase leading down here.
You climb downwards.
There is a stone staircase leading up here.
You see here a +2 kite shield.
y - a +2 kite shield
Found a leather armour and 6 stones.
An adder comes into view.
The adder moves out of view.
You shoot a bolt. The bolt barely misses the adder.
The adder hisses angrily.
You shoot a bolt. The bolt misses the adder.
You hear an angry hiss.
The adder barely misses you.
A ball python comes into view.
The adder misses you.
You sense an unholy aura.
a - a +2 dagger of draining (weapon)
You hit the adder.
The adder is heavily wounded.
The adder barely misses you.
You hit the adder. You drain the adder.
You kill the adder!
The ball python bites you. The ball python grabs you.
The ball python constricts you.
You closely miss the ball python.
The ball python bites you but does no damage.
The ball python constricts you.
You hit the ball python.
The ball python is heavily wounded.
The ball python barely misses you. The ball python constricts you.
You hit the ball python.
You kill the ball python!
No target in view!
b - a +0 arbalest (weapon)
A goblin comes into view. It is wielding a +0 club.
You shoot a bolt. The bolt closely misses the goblin.
The goblin unwields a +0 club.
The goblin wields a +0 sling.
The goblin shoots a sling bullet.
The sling bullet closely misses you.
You shoot a bolt. The bolt closely misses the goblin.
The goblin shoots a sling bullet.
The sling bullet hits you.
You sense an unholy aura.
a - a +2 dagger of draining (weapon)
The goblin shoots a sling bullet.
The sling bullet hits you.
The goblin unwields a +0 sling.
The goblin wields a +0 club.
The goblin misses you.
You see here 6 stones.
You hit the goblin.
You kill the goblin!
No target in view!
b - a +0 arbalest (weapon)
HP restored.
You now have 182 gold pieces (gained 10).
Things that are here:
a +0 club; a +0 sling A jelly comes into view.
You shoot a bolt. The bolt hits the jelly!
The jelly is heavily wounded.
You shoot a bolt. The bolt barely misses the jelly.
The jelly closely misses you. The jelly barely misses you.
You sense an unholy aura.
a - a +2 dagger of draining (weapon)
You hit the jelly. You drain the jelly.
You kill the jelly!
No target in view!
b - a +0 arbalest (weapon)
A sourceless malevolence fills the Dungeon...
You fall into a shaft and drop 2 floors!
The shaft crumbles and collapses.
Found a flail.
A wight comes into view. It is wielding a +0 heavy spear.
You see here a +0 flail.
You shoot a bolt.
The bolt hits the wight but does no damage.
You shoot a bolt. The bolt hits the wight.
The wight is lightly damaged.
You shoot a bolt. The bolt hits the wight.
The wight is moderately damaged.
The wight barely misses you.
Okay, then.
Unknown command.
Press: ? - help, v - describe, . - travel
Here: a wight, wielding a +0 heavy spear and wearing a +0 robe (moderately damaged)
The floor.
You shoot a bolt. The bolt closely misses the wight.
The wight hits you from afar with a +0 heavy spear!
You shoot a bolt. The bolt barely misses the wight.
The wight hits you from afar with a +0 heavy spear.
You feel drained.
You shoot a bolt. The bolt closely misses the wight.
The wight hits you from afar with a +0 heavy spear.
You feel drained.
The wight hits you from afar with a +0 heavy spear.
You feel drained.
You are too injured to fight recklessly!
Found a stone staircase leading down.
Found a fizzy dark potion.
z - a fizzy dark potion A hound comes into view.
The hound barks!
Fire: b) +0 arbalest
Press: ? - help, Q - select action, (/) - cycle Shift-Dir - straight line, f/p - wight
Aim: a wight, wielding a +0 heavy spear and wearing a +0 robe (moderately damaged, 56% to hit)
You shoot a bolt. The bolt hits the wight.
The wight is heavily damaged.
The hound bites you.
The wight hits you from afar with a +0 heavy spear.
The hound misses you.
Fire: b) +0 arbalest
Press: ? - help, Q - select action, (/) - cycle Shift-Dir - straight line, f/p - wight
Aim: a wight, wielding a +0 heavy spear and wearing a +0 robe (heavily damaged, 56% to hit)
You shoot a bolt. The bolt hits the wight!
You destroy the wight!
The hound bites you. x2; The hound barely misses you.
Your Long Blades skill increases to level 3!
Fire: b) +0 arbalest
Press: ? - help, Q - select action, (/) - cycle Shift-Dir - straight line, f - hound
Aim: a hound (43% to hit)
Okay, then.
You sense an unholy aura.
a - a +2 dagger of draining (weapon)
The hound closely misses you.
You are too injured to fight recklessly!
You are too injured to fight recklessly!
You closely miss the hound. Your punch misses the hound.
The hound closely misses you.
You miss the hound. The hound closely misses you.
You hit the hound.
The hound is moderately wounded.
The hound barely misses you. x2
You hit the hound.
The hound is moderately wounded.
The hound bites you.
* * * LOW HITPOINT WARNING * * *
You barely miss the hound.
The hound is moderately wounded.
The hound closely misses you. x2
You closely miss the hound.
The hound is moderately wounded.
The hound barely misses you.
You hit the hound.
The hound is heavily wounded.
The hound closely misses you.
You hit the hound. You drain the hound.
You kill the hound!
Your life force feels restored.
You have reached level 6!
Your experience leads to a dramatic increase in your attributes!
Your base attributes are Str 11, Int 15, Dex 18.
Increase (S)trength, (I)ntelligence, or (D)exterity?
You feel agile. x4
b - a +0 arbalest (weapon)
You start resting.
HP restored.
Things that are here:
a +0 heavy spear; a +0 robe
Things that are here:
a +0 heavy spear; a +0 robe You see here a hound corpse.
An orc comes into view. It is wielding a +0 club.
You shoot a bolt. The bolt hits the orc!!
You kill the orc!
You hear a shout!
An orc comes into view. It is wielding a +0 trident.
You shoot a bolt. The orc shouts!
The bolt hits the orc but does no damage.
You hear a shout!
You shoot a bolt. The bolt hits the orc.
The orc is lightly wounded.
The orc completely misses you. x2
You sense an unholy aura.
a - a +2 dagger of draining (weapon)
An orc comes into view. It is wielding a +0 club.
The orc hits you with a +0 trident.
You hit the orc but do no damage. The orc closely misses you.
You barely miss the orc. You puncture the orc!
You kill the orc!
The orc barely misses you. The orc hits you with a +0 trident.
Things that are here:
a +0 club; an orc corpse You barely miss the orc.
The orc closely misses you.
You barely miss the orc. The orc closely misses you.
You hit the orc. You drain the orc.
The orc is almost dead.
The orc misses you.
You hit the orc.
You kill the orc!
No target in view!
b - a +0 arbalest (weapon)
Things that are here:
a +0 trident; an orc corpse
Things that are here:
a +0 club; 2 boomerangs; a +0 leather armour You open the door.
There is an open door here.
A - 2 scrolls labelled MYXZIPE URGHARA You now have 194 gold pieces (gained 12).
You open the door.
There is an open door here. 2 wights come into view.
There is an open door here.
There is an open door here.
You shoot a bolt. The bolt hits the wight.
The wight is lightly damaged.
You shoot a bolt. The bolt hits the wight!
You destroy the wight!
Your Dodging skill increases to level 4!
No target in view!
Things that are here:
a +0 morningstar; a +0 robe
There is an open door here.
You open the door.
There is an open door here.
A wight comes into view. It is wielding a +0 dagger.
Fire: b) +0 arbalest
Press: ? - help, Q - select action, (/) - cycle Shift-Dir - straight line, f - wight
Aim: a wight, wielding a +0 dagger and wearing a +0 robe (59% to hit)
You shoot a bolt. The bolt hits the wight.
The wight is moderately damaged.
Fire: b) +0 arbalest
Press: ? - help, Q - select action, (/) - cycle Shift-Dir - straight line, f/p - wight
Aim: a wight, wielding a +0 dagger and wearing a +0 robe (moderately damaged, 59% to hit)
You shoot a bolt. The bolt hits the wight!
You destroy the wight!
Fire: b) +0 arbalest
Press: ? - help, Q - select action, (/) - cycle Shift-Dir - straight line, f - wight
Aim: a wight, wielding a +5 short sword and wearing a +0 robe (59% to hit)
You shoot a bolt. The bolt completely misses the wight.
The wight hits you with a +5 short sword.
You feel drained. The wight misses you.
Fire: b) +0 arbalest
Press: ? - help, Q - select action, (/) - cycle Shift-Dir - straight line, f/p - wight
Aim: a wight, wielding a +5 short sword and wearing a +0 robe (59% to hit)
You shoot a bolt.
The bolt hits the wight but does no damage.
The wight hits you with a +5 short sword!
You feel drained.
Fire: b) +0 arbalest
Press: ? - help, Q - select action, (/) - cycle Shift-Dir - straight line, f/p - wight
Aim: a wight, wielding a +5 short sword and wearing a +0 robe (59% to hit)
You shoot a bolt. The bolt barely misses the wight.
The wight hits you with a +5 short sword.
The wight barely misses you.
Fire: b) +0 arbalest
Press: ? - help, Q - select action, (/) - cycle Shift-Dir - straight line, f/p - wight
Aim: a wight, wielding a +5 short sword and wearing a +0 robe (59% to hit)
You shoot a bolt. The bolt hits the wight!
The wight is heavily damaged.
The wight barely misses you.
The wight hits you with a +5 short sword.
You feel drained.
Fire: b) +0 arbalest
Press: ? - help, Q - select action, (/) - cycle Shift-Dir - straight line, f/p - wight
Aim: a wight, wielding a +5 short sword and wearing a +0 robe (heavily damaged, 59% to hit)
You shoot a bolt. The bolt hits the wight.
The wight is severely damaged.
The wight hits you with a +5 short sword!
* * * LOW HITPOINT WARNING * * *
The wight barely misses you.
Fire: b) +0 arbalest
Press: ? - help, Q - select action, (/) - cycle Shift-Dir - straight line, f/p - wight
Aim: a wight, wielding a +5 short sword and wearing a +0 robe (severely damaged, 59% to hit)
You shoot a bolt. The bolt hits the wight.
The wight is severely damaged.
The wight barely misses you. The wight misses you.
Fire: b) +0 arbalest
Press: ? - help, Q - select action, (/) - cycle Shift-Dir - straight line, f/p - wight
Aim: a wight, wielding a +5 short sword and wearing a +0 robe (severely damaged, 59% to hit)
You shoot a bolt. The bolt barely misses the wight.
The wight hits you with a +5 short sword!
You die...

Skill      XL: |  1  2  3  4  5  6 |
---------------+-------------------+-----
Fighting       | 1 2 |  2.6
Dodging        | 2 3 4 |  4.1
Long Blades    | 1 2 3 |  3.3
Stealth        | 1 2 |  2.5
Ranged Weapons | |  1.7
Spellcasting   | |  1.0
Hexes          | |  2.6

Action                     |  1- 3 |  4- 6 || total
---------------------------+-------+-------++-------
  Melee: Dagger            |    25 |    90 ||   115
   Fire: Sling             |   109 |    32 ||   141
         Arbalest          |       |    30 ||    30
   Cast: Slow              |     2 |       ||     2
 Armour: Robe              |    12 |    12 ||    24
  Dodge: Dodged            |    36 |    76 ||   112

Levels and vault maps discovered:
D:1:      pf_arrival_petrified_forest, layout_basic, serial_glass,
          glass_columns_b, glass_columns_a, glass_columns_a, glass_columns_a,
          glass_columns_b, glass_columns_a
D:2:      layout_basic, basic_altar
D:3:      layout_basic, ebering_ecumenical_altar_hall, st_stairs_3
D:4:      layout_loops_ring, minmay_temple_entry_statues_fountains,
          uniq_sigmund, uniq_grinder, uniq_ijyb, uniq_robin
D:6:      layout_loops_corners

Notes
Turn   | Place    | Note
-------+----------+-------------------------------------------
     0 | D:1      | scionoferis the Demigod Hexslinger began the quest for the
                  | Orb.
     0 | D:1      | Reached XP level 1. HP: 15/15 MP: 4/4
    45 | D:1      | Identified a scarf of resistance
   114 | D:1      | Reached skill level 1 in Fighting
   161 | D:1      | Reached skill level 2 in Dodging
   229 | D:1      | Reached XP level 2. HP: 23/23 MP: 5/5
   412 | D:1      | Reached skill level 1 in Long Blades
   574 | D:1      | Reached XP level 3. HP: 28/28 MP: 6/6
   625 | D:1      | Reached skill level 1 in Stealth
   961 | D:2      | Identified the ring "Ralowetifax" {rElec rC+ Will+ Str+5
                  | Int-4}
  1105 | D:2      | HP: 2/28 [poisoned by an adder]
  1700 | D:3      | Reached skill level 3 in Dodging
  1700 | D:3      | Reached XP level 4. HP: 25/36 MP: 8/8
  1754 | D:3      | Reached skill level 2 in Long Blades
  2045 | D:3      | Reached skill level 2 in Fighting
  2122 | D:3      | Reached XP level 5. HP: 33/41 MP: 9/9
  2322 | D:3      | Reached skill level 2 in Stealth
  3162 | D:4      | You fall into a shaft and drop 2 floors!
  3226 | D:6      | Reached skill level 3 in Long Blades
  3235 | D:6      | Reached XP level 6. HP: 14/50 MP: 10/10
  3497 | D:6      | Reached skill level 4 in Dodging
  3552 | D:6      | Slain by a wight

Vanquished Creatures
  3 wights (D:6)
  A hound (D:6)
  A jelly (D:4)
  An orc priest (D:3)
  An orc wizard (D:3)
  5 gnolls (D:1 D:3)
  5 adders (D:2 D:3 D:4)
  2 worms (D:2 D:3)
  A dart slug (D:1)
  8 orcs (D:2 D:3 D:6)
  8 ball pythons (D:1 D:2 D:3 D:4)
  4 endoplasms (D:1 D:2 D:3)
  2 giant cockroaches (D:1 D:2)
  11 goblins (D:1 D:2 D:3 D:4)
  8 hobgoblins (D:1 D:2 D:3)
  3 jackals (D:3)
  4 kobolds (D:1 D:2 D:3)
  3 quokkas (D:1 D:2 D:3)
  4 bats (D:2 D:3)
  3 frilled lizards (D:1 D:2)
  3 rats (D:1 D:2 D:3)
81 creatures vanquished.

Table legend: (Time is in decaauts)
 A = Elapsed time spent in this place.
 B = Non-inter-level travel time spent in this place.
 C = Inter-level travel time spent in this place.
 D = Time resting spent in this place.
 E = Time spent auto-exploring this place.
 F = Levels seen in this place.
 G = Mean time per level.
                   A        B        C        D        E       F      G
               +--------+--------+--------+--------+--------+-----+--------+
         Total |   3590 |   3463 |    127 |    554 |   2151 |   5 |  718.0 |
       Dungeon |   3590 |   3463 |    127 |    554 |   2151 |   5 |  718.0 |
               +--------+--------+--------+--------+--------+-----+--------+

Top non-repeatable levels by time:
     D:3: 1260 daAuts
     D:2: 993 daAuts
     D:1: 832 daAuts
     D:6: 403 daAuts
     D:4: 101 daAuts

Table legend:
 A = Non-vault XP
 B = Vault XP
 C = Vault XP percentage of total XP
 D = Non-vault monster count
 E = Vault monster count
 F = Vault count percentage of total count
                 A         B        C        D         E       F
            +---------+---------+-------+---------+---------+-------
      Total |     638 |       5 |   0.8 |      79 |       2 |   2.5
            +---------+---------+-------+---------+---------+-------
        D:1 |      55 |       0 |   0.0 |      24 |       0 |   0.0
        D:2 |      59 |       0 |   0.0 |      18 |       0 |   0.0
        D:3 |     198 |       5 |   2.5 |      26 |       2 |   7.1
        D:4 |      60 |       0 |   0.0 |       4 |       0 |   0.0
        D:6 |     266 |       0 |   0.0 |       7 |       0 |   0.0
            +---------+---------+-------+---------+---------+-------
